Map: Dusk Towers

Players

LilDicky

  • Race: Protoss Protoss
  • League: Diamond

MPTheGunny - Winner!

  • Race: Terran Terran
  • League: Platinum

VOD

http://www.twitch.tv/tumescentpie

Description

Time

  • Played on: Jan. 4, 2016, 2:51 a.m.
  • Length: 13:38
Show
View Real Time Build Order
Export as new Build Order

LilDicky Protoss 

Build Orders:  

Get SALT Encoding   

  12  0:01  Probe (Chrono Boost)  
  13  0:12  Probe (Chrono Boost)  
  14  0:22  Pylon  
  14  0:24  Probe (Chrono Boost)  
  15  0:41  Probe (Chrono Boost)  
  16  0:48  Gateway  
  16  0:51  Probe (Chrono Boost)  
  17  1:02  Probe (Chrono Boost)  
  18  1:05  Assimilator  
  18  1:12  Probe (Chrono Boost)  
  20  1:25  Probe (Chrono Boost)  
  20  1:36  Probe (Chrono Boost)  
  20  1:39  Cybernetics Core  
  21  1:46  Probe (Chrono Boost)  
  22  1:58  Nexus  
  22  2:02  Probe (Chrono Boost)  
  23  2:10  Assimilator  
  23  2:25  Gateway, Pylon  
  23  2:29  Gateway, Warp Gate (Chrono Boost)  
  23  2:43  Probe  
  24  2:49  Pylon  
  24  2:55  Probe  
  25  3:07  Probe  
  25  3:08  Pylon  
  25  3:12  Mothership Core  
  26  3:13  Pylon  
  28  3:21  Stalker  
  30  3:30  Gateway, Probe  
  30  3:32  Probe, Pylon x2  
  32  3:46  Pylon  
  32  3:49  Pylon  
  32  3:56  Robotics Facility  
  32  4:04  Gateway  
  32  4:05  Gateway  
  32  4:08  Probe  
  32  4:09  Probe  
  34  4:18  Pylon  
  34  4:20  Probe  
  35  4:31  Probe  
  36  4:44  Warp Prism (Chrono Boost)  
  38  4:52  Forge  
  38  5:10  Twilight Council  
  38  5:12  Adept  
  38  5:13  Adept x5  
  50  5:17  Probe (Chrono Boost)  
  50  5:18  Probe (Chrono Boost)  
  52  5:34  Probe (Chrono Boost)  
  52  5:35  Probe (Chrono Boost)  
  54  5:41  Immortal  
  58  5:45  Probe x2 (Chrono Boost)  
  60  5:55  Probe (Chrono Boost)  
  60  5:56  Probe (Chrono Boost)  
  62  6:17  Nexus  
  62  6:21  Probe x2 (Chrono Boost)  
  64  6:41  Adept x4  
  64  6:42  Adept x2  
  64  6:44  Immortal  
  80  7:02  Adept x3  
  80  7:03  Adept x3  
  80  7:06  Resonating Glaives  
  92  7:20  Pylon  
  92  7:22  Pylon  
  92  7:25  Pylon  
  92  7:26  Immortal  
  92  7:29  Probe (Chrono Boost)  
  97  7:30  Probe x2 (Chrono Boost), Pylon  
  97  7:32  Pylon  
  97  7:40  Probe (Chrono Boost)  
  98  7:57  Adept  
  80  8:26  Probe x2 (Chrono Boost)  
  80  8:27  Probe (Chrono Boost)  
  82  8:30  Assimilator  
  82  8:31  Assimilator  
  82  8:35  Forge  
  82  8:37  Probe x3 (Chrono Boost), Immortal  
  82  8:39  Adept x4  
  82  8:40  Adept x2  
  96  9:24  Immortal  
  96  9:29  Probe x2 (Chrono Boost)  
  96  9:30  Probe (Chrono Boost), Photon Cannon  
  99  9:33  Photon Cannon  
  99  9:40  Probe (Chrono Boost)  
  99  9:41  Photon Cannon  
  99  9:44  Pylon  
  94  9:47  Protoss Ground Weapons Level 1  
  83  10:07  Probe x3 (Chrono Boost)  
  84  10:16  Adept x6  
  84  10:17  Probe x2 (Chrono Boost)  
  84  10:18  Probe (Chrono Boost)  
  99  10:23  Photon Cannon  
  99  10:25  Photon Cannon  
  99  10:28  Gateway  
  99  10:30  Gateway  
  99  10:32  Gateway  
  98  10:48  Twilight Council  
  96  11:05  Photon Cannon  
  96  11:07  Adept x2  
  100  11:16  Probe (Chrono Boost)  
  100  11:17  Probe x2 (Chrono Boost)  
  82  11:59  Adept x4  
  72  12:05  Adept  
  64  12:09  Adept x3  
  29  12:56  Zealot x4  
  29  12:57  Zealot  
  29  13:04  Cybernetics Core  
Show
View Real Time Build Order
Export as new Build Order

MPTheGunny Terran - Winner!

Build Orders: MMM Bio 

Get SALT Encoding   

  12  0:01  SCV  
  13  0:13  SCV  
  14  0:21  Supply Depot  
  14  0:25  SCV  
  15  0:43  SCV  
  15  0:44  Barracks  
  15  0:48  Refinery  
  16  0:55  SCV  
  17  1:07  SCV  
  18  1:19  SCV  
  19  1:35  Orbital Command  
  19  1:36  Marine  
  20  1:52  Command Center  
  19  2:03  SCV  
  21  2:09  Factory  
  21  2:10  Barracks Reactor  
  20  2:18  SCV  
  20  2:21  Supply Depot  
  21  2:31  SCV, Refinery  
  22  2:43  SCV  
  23  2:46  Marine x2  
  23  2:48  Bunker  
  25  2:52  Factory Tech Lab  
  25  2:55  SCV  
  26  3:04  Marine x2  
  28  3:06  Orbital Command  
  28  3:07  SCV  
  29  3:19  SCV  
  30  3:22  Cyclone  
  33  3:28  Marine x2  
  33  3:31  SCV  
  36  3:34  SCV  
  37  3:43  SCV  
  37  3:45  Marine  
  37  3:46  SCV, Marine  
  41  3:52  Barracks  
  42  3:55  SCV  
  45  4:04  Marine  
  46  4:18  Siege Tank  
  46  4:23  Barracks  
  46  4:27  Bunker  
  46  4:32  Engineering Bay  
  46  4:37  Supply Depot  
  46  4:39  Supply Depot  
  46  4:42  Barracks Tech Lab  
  46  4:47  Supply Depot  
  46  4:58  SCV x2, Siege Tank, Marine x2  
  53  5:03  Marauder  
  55  5:10  SCV x2  
  55  5:11  Barracks Tech Lab  
  57  5:16  Missile Turret, Marine  
  58  5:22  Terran Infantry Weapons Level 1, Refinery x2, Missile Turret  
  58  5:23  SCV x2  
  58  5:26  Marauder  
  62  5:31  Stimpack  
  62  5:35  SCV x2  
  64  5:39  Marine x2, Marauder  
  68  5:46  Starport  
  68  5:51  Barracks  
  68  5:53  SCV x2  
  68  5:54  Factory Reactor  
  70  6:07  Supply Depot  
  70  6:09  Supply Depot  
  70  6:28  Command Center, SCV x2, Marine x2  
  70  6:29  Marauder x2  
  78  6:35  Combat Shields  
  78  6:39  Supply Depot  
  78  6:40  SCV, Medivac x2  
  78  6:42  Marine  
  78  6:46  Marine x2  
  86  6:55  Supply Depot  
  86  7:01  SCV x2, Marauder  
  90  7:04  Marauder  
  92  7:12  Marine x2  
  94  7:16  Terran Infantry Armor Level 1  
  94  7:17  SCV x2  
  94  7:19  Medivac  
  94  7:20  Medivac  
  100  7:27  Marauder  
  102  7:36  Supply Depot  
  102  7:39  SCV x2, Marauder, Marine  
  102  7:40  Engineering Bay  
  102  7:41  Supply Depot  
  107  7:45  Supply Depot  
  107  7:51  SCV  
  107  7:52  Marauder, Marine x2  
  107  7:57  Marauder  
  114  8:00  Marine  
  113  8:09  Marine  
  113  8:10  Marine  
  115  8:14  Marauder  
  115  8:18  Marine x2  
  115  8:23  Medivac x2  
  115  8:27  Barracks x2, Marine x2  
  118  8:35  Orbital Command  
  118  8:36  SCV x2  
  120  8:45  Marauder x2  
  120  8:47  Refinery  
  124  8:51  Refinery  
  124  8:53  SCV x2  
  126  8:58  Barracks, Marine x2  
  126  8:59  Marauder  
  130  9:05  SCV  
  130  9:06  Marine  
  130  9:07  Marauder  
  134  9:14  Missile Turret  
  134  9:15  Supply Depot  
  134  9:16  Barracks Reactor, Barracks Tech Lab  
  132  9:19  Marine  
  132  9:20  Marauder, Marine  
  132  9:21  Medivac x2  
  140  9:27  Marine  
  140  9:30  Command Center  
  141  9:34  Marauder  
  141  9:35  Supply Depot  
  141  9:37  Armory, Marine  
  144  9:42  Marauder x2  
  148  9:46  Ghost Academy  
  148  9:47  Supply Depot, Marine  
  148  9:48  Marauder  
  150  10:00  Marine x3  
  150  10:01  Marauder  
  150  10:03  Marine  
  150  10:04  Marauder  
  152  10:08  Marine  
  152  10:09  Marauder, Medivac x2  
  152  10:10  Concussive Shells  
  152  10:13  SCV x3  
  162  10:26  Marine x2  
  162  10:27  Marauder x3  
  170  10:28  Barracks Tech Lab  
  170  10:29  Marine  
  163  10:42  Marine  
  163  10:43  Marauder  
  163  10:47  Terran Infantry Weapons Level 2, Terran Infantry Armor Level 2  
  163  10:48  Marauder  
  163  10:49  SCV x3  
  171  11:01  Marine x3  
  171  11:02  Marauder x3  
  178  11:04  Marauder  
  178  11:05  Personal Cloaking  
  180  11:13  Marauder, Marine  
  183  11:26  Marauder x4  
  183  11:30  Terran Ship Weapons Level 1  
  183  11:31  Supply Depot  
  188  11:46  Marauder, Marine  
  186  11:47  Marauder x2  
  186  11:48  Marauder  
  186  11:51  Marauder, Marine x2  
  186  11:53  Marine  
  139  12:03  Marine  
  139  12:07  Marauder  
  137  12:08  Marine x2  
  137  12:09  Marauder, Marine x2  
  137  12:11  Marine  
  137  12:13  Marauder  
  142  12:21  Marine  
  129  12:26  Marine x3  
  129  12:27  Marine  
  129  12:28  Marauder, Marine  
  127  12:30  Marauder  
  127  12:34  Marauder  
  125  12:39  Marine  
  121  12:44  Marauder, Marine x3  
  121  12:46  Marine  
  121  12:50  SCV x3, Marauder  
  121  12:51  Marine  
  124  12:55  Marine  
  124  12:57  Planetary Fortress, Marine  
  126  13:02  Marine x3  
  126  13:04  Marine  
  130  13:05  Marine  
  130  13:09  Marauder  
  130  13:10  SCV x2  
  130  13:11  Marine  
  136  13:13  Marine  
  136  13:15  Marine  
  136  13:18  SCV  
  139  13:22  SCV, Refinery  
  139  13:23  Refinery  
Tags
 
Add a new tag
Caveats
  • Supply blocks, unpowered buildings, or Contaminate may cause inaccurate times.
  • Supply counts are checked every 10 seconds.